General information
- name: BNet
- type: Ladder team game (AT/RT)
- host: Battle.net
- saver: sadboy
map: TwilightRuins_LV
- players: 8
- length: 30:27
- speed: Fast
- version: 1.10030 W3XP
- replay type: Public
» download(422 KB)
Players
team 1 (winner)

»
BeTaMoN22 (
red | 78 APM | 2366 actions | 30:27)
6 Death Knight
3 Death Coil
2 Unholy Aura
1 Animate Dead
3 Dreadlord
2 Vampiric Aura
1 Sleep
» actions
| Assign group hotkey | 90 | |
| Basic commands | 135 | |
| Build / train | 61 | |
| Enter build submenu | 15 | |
| Enter hero's abilities submenu | 9 | |
| Give item / drop item | 8 | |
| Remove unit from queue | 1 | |
| Right click | 1409 | |
| Select / deselect | 282 | |
| Select group hotkey | 274 | |
| Use ability | 82 | |
2366 total
» units
| Acolyte | 7 | |
| Ghoul | 3 | |
| Crypt Fiend | 10 | |
| Frost Wyrm | 4 | |
24 total
» upgrades
| Creature Attack | 3 | |
| Web | 1 | |
| Burrow | 1 | |
| Ghoul Frenzy | 1 | |
| Freezing Breath | 1 | |
| Creature Carapace | 3 | |
10 total
» buildings
| Graveyard | 1 | |
| Ziggurat | 6 | |
| Crypt | 1 | |
| Altar of Darkness | 2 | |
| Tomb of Relics | 2 | |
| Nerubian Tower | 1 | |
| Halls of the Dead | 1 | |
| Black Citadel | 1 | |
| Sacrificial Pit | 1 | |
| Boneyard | 1 | |
| Spirit Tower | 3 | |
20 total
» build order
00:26 Graveyard
00:30 Ziggurat
00:33 Crypt
00:46 Altar of Darkness
00:51 Altar of Darkness
01:07 Tomb of Relics
01:24 Ziggurat
01:58 Nerubian Tower
03:09 Ziggurat
04:18 Halls of the Dead
05:53 Ziggurat
06:40 Black Citadel
06:45 Sacrificial Pit
09:21 Boneyard
10:07 Spirit Tower
10:09 Spirit Tower
13:03 Spirit Tower
13:13 Tomb of Relics
16:06 Ziggurat
16:10 Ziggurat
» items
| Rod of Necromancy | 2 | |
| Boots of Speed | 1 | |
| Gloves of Haste | 1 | |
| Orb of Corruption | 1 | |
| Scroll of Town Portal | 3 | |
8 total
Firahlus (
teal | 75 APM | 2272 actions | 30:27)
7 Demon Hunter
3 Evasion
3 Mana Burn
1 Metamorphosis
6 Priestess of the Moon
3 Trueshot Aura
2 Searing Arrows
1 Starfall
» actions
| Assign group hotkey | 63 | |
| Basic commands | 144 | |
| Build / train | 121 | |
| Enter build submenu | 19 | |
| Enter hero's abilities submenu | 14 | |
| Give item / drop item | 2 | |
| Remove unit from queue | 4 | |
| Right click | 1062 | |
| Select / deselect | 414 | |
| Select group hotkey | 323 | |
| Use ability | 105 | |
2272 total
» units
| Wisp | 20 | |
| Archer | 35 | |
| Hippogryph | 30 | |
85 total
» upgrades
| Improved Bows | 1 | |
| Strength of the Moon | 3 | |
| Moon Armor | 3 | |
| Marksmanship | 1 | |
| Well Spring | 1 | |
9 total
» buildings
| Moon Well | 7 | |
| Ancient of War | 2 | |
| Altar of Elders | 1 | |
| Tree of Ages | 1 | |
| Tree of Life | 4 | |
| Hunter's Hall | 1 | |
| Ancient of Wind | 2 | |
| Ancient of Wonders | 2 | |
| Tree of Eternity | 1 | |
21 total
» build order
00:07 Moon Well
00:47 Ancient of War
01:00 Moon Well
01:04 Altar of Elders
01:57 Moon Well
03:34 Tree of Ages
04:48 Moon Well
05:45 Tree of Life
06:16 Hunter's Hall
06:25 Ancient of Wind
07:47 Moon Well
09:18 Ancient of Wonders
09:20 Tree of Eternity
15:41 Tree of Life
16:15 Ancient of Wonders
17:11 Moon Well
22:11 Ancient of War
22:12 Ancient of Wind
22:17 Moon Well
28:21 Tree of Life
28:59 Tree of Life
» items
| Scroll of Town Portal | 3 | |
| Anti-magic Potion | 1 | |
| Orb of Venom | 2 | |
6 total
sadboy (
purple | 150 APM | 4579 actions | 30:27)
7 Keeper of the Grove
3 Entangling Roots
3 Force of Nature
1 Tranquility
6 Priestess of the Moon
3 Trueshot Aura
2 Searing Arrows
1 Starfall
» actions
| Assign group hotkey | 43 | |
| Basic commands | 304 | |
| Build / train | 105 | |
| ESC pressed | 1 | |
| Enter build submenu | 25 | |
| Enter hero's abilities submenu | 13 | |
| Give item / drop item | 3 | |
| Remove unit from queue | 1 | |
| Right click | 2267 | |
| Select / deselect | 818 | |
| Select group hotkey | 855 | |
| Use ability | 143 | |
4579 total
» units
| Wisp | 30 | |
| Archer | 18 | |
| Hippogryph | 9 | |
| Dryad | 3 | |
60 total
» upgrades
| Improved Bows | 1 | |
| Strength of the Moon | 3 | |
| Marksmanship | 1 | |
| Moon Armor | 2 | |
| Resistant Skin | 1 | |
| Hardened Skin | 1 | |
9 total
» buildings
| Altar of Elders | 1 | |
| Moon Well | 6 | |
| Ancient of War | 2 | |
| Ancient of Wonders | 2 | |
| Tree of Ages | 3 | |
| Tree of Life | 4 | |
| Hunter's Hall | 1 | |
| Ancient of Wind | 2 | |
| Tree of Eternity | 1 | |
| Ancient of Lore | 4 | |
26 total
» build order
00:14 Altar of Elders
00:15 Moon Well
00:31 Ancient of War
01:46 Moon Well
02:24 Ancient of Wonders
03:00 Ancient of War
04:09 Moon Well
04:44 Tree of Ages
05:10 Tree of Life
05:28 Hunter's Hall
07:09 Ancient of Wind
07:12 Ancient of Wind
09:26 Tree of Eternity
10:01 Moon Well
17:52 Moon Well
18:20 Moon Well
20:21 Tree of Life
20:32 Ancient of Lore
20:35 Ancient of Lore
22:16 Tree of Life
25:17 Tree of Ages
25:23 Tree of Ages
27:46 Ancient of Lore
27:47 Ancient of Lore
29:24 Ancient of Wonders
30:00 Tree of Life
» items
| Dust of Appearance | 1 | |
| Lesser Clarity Potion | 4 | |
| Boots of Speed | 1 | |
| Scroll of Town Portal | 7 | |
| Anti-magic Potion | 1 | |
| Potion of Mana | 2 | |
16 total
KoLoFoME (
green | 259 APM | 7876 actions | 30:27)
5 Archmage
3 Summon Water Elemental
2 Brilliance Aura
6 Mountain King
3 Storm Bolt
2 Thunder Clap
1 Avatar
» actions
| Assign group hotkey | 99 | |
| Basic commands | 124 | |
| Build / train | 146 | |
| Enter build submenu | 27 | |
| Enter hero's abilities submenu | 12 | |
| Give item / drop item | 4 | |
| Right click | 2490 | |
| Select / deselect | 1394 | |
| Select group hotkey | 3384 | |
| Use ability | 196 | |
7876 total
» units
| Peasant | 30 | |
| Footman | 12 | |
| Rifleman | 24 | |
| Sorceress | 4 | |
| Priest | 16 | |
| Knight | 8 | |
94 total
» upgrades
| Gunpowder | 3 | |
| Long Rifles | 1 | |
| Lumber Harvesting | 2 | |
| Sorceress Training | 2 | |
| Animal War Training | 1 | |
| Priest Training | 2 | |
| Armor | 1 | |
12 total
» buildings
| Altar of Kings | 1 | |
| Farm | 11 | |
| Barracks | 4 | |
| Scout Tower | 3 | |
| Arcane Tower | 2 | |
| Lumber Mill | 1 | |
| Town Hall | 1 | |
| Arcane Vault | 2 | |
| Guard Tower | 2 | |
| Keep | 2 | |
| Blacksmith | 1 | |
| Arcane Sanctum | 2 | |
| Castle | 2 | |
34 total
» build order
00:04 Altar of Kings
00:22 Farm
00:27 Barracks
01:07 Farm
01:47 Scout Tower
02:19 Arcane Tower
02:19 Arcane Tower
02:23 Farm
03:29 Lumber Mill
04:38 Town Hall
04:46 Scout Tower
04:47 Scout Tower
04:50 Arcane Vault
05:15 Farm
05:38 Guard Tower
05:38 Guard Tower
06:22 Keep
06:23 Keep
06:29 Blacksmith
08:04 Farm
08:05 Barracks
08:50 Farm
08:51 Farm
08:51 Farm
08:55 Arcane Sanctum
08:57 Castle
08:57 Castle
09:41 Barracks
09:49 Arcane Sanctum
13:26 Farm
13:27 Farm
13:28 Farm
14:52 Barracks
14:54 Arcane Vault
» items
| Scroll of Healing | 2 | |
| Potion of Lesser Invulnerability | 1 | |
| Scroll of Town Portal | 2 | |
| Potion of Healing | 1 | |
6 total
team 2 (loser)
mofny (
orange | 80 APM | 2449 actions | 30:27)
7 Death Knight
3 Death Coil
3 Unholy Aura
1 Death Pact
6 Lich
3 Frost Nova
2 Dark Ritual
1 Death and Decay
» actions
| Assign group hotkey | 42 | |
| Basic commands | 2 | |
| Build / train | 82 | |
| ESC pressed | 1 | |
| Enter build submenu | 14 | |
| Enter hero's abilities submenu | 13 | |
| Give item / drop item | 2 | |
| Remove unit from queue | 1 | |
| Right click | 1196 | |
| Select / deselect | 353 | |
| Select group hotkey | 493 | |
| Use ability | 250 | |
2449 total
» units
| Acolyte | 8 | |
| Ghoul | 2 | |
| Crypt Fiend | 24 | |
| Obsidian Statue | 7 | |
41 total
» upgrades
| Creature Attack | 2 | |
| Web | 1 | |
| Destroyer Form | 1 | |
| Creature Carapace | 1 | |
5 total
» buildings
| Graveyard | 2 | |
| Crypt | 1 | |
| Ziggurat | 6 | |
| Altar of Darkness | 1 | |
| Nerubian Tower | 2 | |
| Tomb of Relics | 1 | |
| Halls of the Dead | 2 | |
| Black Citadel | 1 | |
| Slaughterhouse | 1 | |
17 total
» build order
00:14 Graveyard
00:17 Crypt
00:37 Ziggurat
00:56 Altar of Darkness
01:18 Ziggurat
01:46 Nerubian Tower
01:46 Nerubian Tower
02:00 Tomb of Relics
02:54 Halls of the Dead
02:54 Halls of the Dead
04:05 Ziggurat
05:23 Ziggurat
06:02 Black Citadel
06:12 Slaughterhouse
11:38 Graveyard
11:41 Ziggurat
24:03 Ziggurat
» items
| Rod of Necromancy | 2 | |
| Sacrificial Skull | 2 | |
| Claws of Attack +6 | 1 | |
| Orb of Corruption | 1 | |
| Scroll of Town Portal | 6 | |
| Potion of Healing | 2 | |
| Moonstone | 1 | |
15 total
SheepSlayerBA (
blue | 68 APM | 1939 actions | 28:24)
6 Mountain King
3 Storm Bolt
2 Bash
1 Avatar
4 Paladin
2 Holy Light
2 Divine Shield
» actions
| Assign group hotkey | 82 | |
| Basic commands | 16 | |
| Build / train | 88 | |
| Enter build submenu | 21 | |
| Enter hero's abilities submenu | 10 | |
| Give item / drop item | 1 | |
| Right click | 873 | |
| Select / deselect | 343 | |
| Select group hotkey | 419 | |
| Use ability | 86 | |
1939 total
» units
| Peasant | 13 | |
| Rifleman | 18 | |
| Makrura Snapper | 1 | |
| Giant Sea Turtle | 1 | |
| Goblin Shredder | 1 | |
| Mortar Team | 7 | |
| Siege Engine | 3 | |
| Sorceress | 3 | |
47 total
» upgrades
| Gunpowder | 3 | |
| Flare | 1 | |
| Fragmentation Shards | 1 | |
| Barrage | 1 | |
| Long Rifles | 1 | |
| Sorceress Training | 2 | |
| Priest Training | 1 | |
10 total
» buildings
| Blacksmith | 1 | |
| Farm | 10 | |
| Altar of Kings | 1 | |
| Barracks | 1 | |
| Town Hall | 2 | |
| Keep | 1 | |
| Arcane Vault | 1 | |
| Lumber Mill | 1 | |
| Castle | 1 | |
| Workshop | 2 | |
| Arcane Sanctum | 2 | |
23 total
» build order
00:45 Blacksmith
00:56 Farm
01:18 Altar of Kings
01:20 Barracks
01:30 Farm
01:46 Farm
02:13 Farm
02:29 Farm
03:10 Farm
04:20 Town Hall
05:00 Keep
05:20 Arcane Vault
05:57 Lumber Mill
06:29 Farm
08:33 Castle
08:36 Workshop
08:41 Workshop
11:26 Arcane Sanctum
13:00 Farm
13:35 Arcane Sanctum
18:24 Farm
18:26 Farm
19:45 Town Hall
» items
| Scroll of Regeneration | 3 | |
| Scroll of Town Portal | 9 | |
| Orb of Fire | 1 | |
| Lesser Clarity Potion | 2 | |
| Scroll of Protection | 1 | |
| Potion of Healing | 1 | |
17 total

»
beinlichmyballs (
yellow | 67 APM | 1895 actions | 28:29)
6 Keeper of the Grove
2 Entangling Roots
3 Thorns Aura
1 Tranquility
5 Priestess of the Moon
2 Scout
3 Trueshot Aura
» actions
| Assign group hotkey | 26 | |
| Basic commands | 20 | |
| Build / train | 110 | |
| ESC pressed | 3 | |
| Enter build submenu | 31 | |
| Enter hero's abilities submenu | 11 | |
| Give item / drop item | 5 | |
| Right click | 642 | |
| Select / deselect | 378 | |
| Select group hotkey | 546 | |
| Use ability | 123 | |
1895 total
» units
| Wisp | 30 | |
| Archer | 6 | |
| Makrura Deepseer | 2 | |
| Faerie Dragon | 6 | |
| Hippogryph | 16 | |
| Glaive Thrower | 1 | |
61 total
» upgrades
| Improved Bows | 1 | |
| Strength of the Wild | 3 | |
| Reinforced Hides | 3 | |
| Nature's Blessing | 1 | |
| Well Spring | 1 | |
9 total
» buildings
| Moon Well | 6 | |
| Altar of Elders | 1 | |
| Ancient of War | 1 | |
| Ancient of Wonders | 3 | |
| Hunter's Hall | 1 | |
| Ancient Protector | 9 | |
| Tree of Ages | 2 | |
| Tree of Life | 3 | |
| Ancient of Wind | 6 | |
| Tree of Eternity | 1 | |
33 total
» build order
00:28 Moon Well
00:39 Altar of Elders
00:50 Ancient of War
01:26 Moon Well
02:32 Ancient of Wonders
02:35 Hunter's Hall
03:42 Ancient Protector
03:57 Tree of Ages
03:57 Tree of Ages
04:19 Moon Well
06:24 Tree of Life
06:28 Ancient of Wonders
06:30 Ancient Protector
06:31 Ancient Protector
06:34 Moon Well
07:49 Ancient Protector
08:34 Ancient of Wind
08:35 Ancient of Wind
11:12 Tree of Eternity
11:19 Moon Well
12:17 Ancient of Wind
13:03 Ancient of Wind
13:31 Moon Well
13:38 Ancient Protector
13:53 Ancient Protector
13:54 Ancient Protector
14:02 Ancient Protector
14:30 Ancient of Wind
15:02 Ancient of Wind
16:27 Ancient Protector
19:58 Ancient of Wonders
26:31 Tree of Life
26:34 Tree of Life
» items
| Lesser Clarity Potion | 2 | |
| Scroll of Town Portal | 8 | |
| Potion of Healing | 4 | |
| Potion of Mana | 1 | |
| Potion of Lesser Invulnerability | 2 | |
| Scroll of Protection | 1 | |
| Scroll of Healing | 1 | |
19 total
spoobi (
pink | 67 APM | 1908 actions | 28:26)
4 Warden
2 Shadow Strike
2 Blink
» actions
| Assign group hotkey | 13 | |
| Build / train | 81 | |
| ESC pressed | 7 | |
| Enter build submenu | 28 | |
| Enter hero's abilities submenu | 4 | |
| Give item / drop item | 1 | |
| Remove unit from queue | 4 | |
| Right click | 1319 | |
| Select / deselect | 342 | |
| Select group hotkey | 5 | |
| Use ability | 104 | |
1908 total
» units
| Wisp | 29 | |
| Dryad | 13 | |
| Chimaera | 16 | |
| Hippogryph | 3 | |
61 total
» upgrades
| Reinforced Hides | 1 | |
| Strength of the Wild | 1 | |
| Corrosive Breath | 1 | |
| Abolish Magic | 1 | |
4 total
» buildings
| Altar of Elders | 1 | |
| Moon Well | 9 | |
| Tree of Ages | 1 | |
| Ancient of War | 2 | |
| Ancient of Wind | 1 | |
| Hunter's Hall | 1 | |
| Tree of Eternity | 1 | |
| Ancient of Lore | 1 | |
| Chimaera Roost | 2 | |
| Ancient of Wonders | 1 | |
| Tree of Life | 1 | |
21 total
» build order
00:26 Altar of Elders
00:38 Moon Well
01:58 Tree of Ages
02:47 Ancient of War
02:57 Ancient of War
04:28 Ancient of Wind
04:50 Hunter's Hall
05:27 Tree of Eternity
05:44 Moon Well
05:46 Moon Well
05:50 Moon Well
05:54 Moon Well
06:10 Moon Well
06:14 Moon Well
06:24 Ancient of Lore
06:54 Moon Well
06:55 Moon Well
07:50 Chimaera Roost
08:12 Chimaera Roost
15:50 Ancient of Wonders
25:33 Tree of Life
» items
| Boots of Speed | 1 | |
| Circlet of Nobility | 1 | |
| Orb of Venom | 1 | |
| Scroll of Town Portal | 1 | |
4 total
Chat log
(00:16 / All) BeTaMoN22: gl hf
(00:20 / Allies) BeTaMoN22: thansk brother
(00:23 / Allies) sadboy: shit entangle nerfed by 1 second
(00:33 / Allies) Firahlus: woah dude
(00:35 / Allies) sadboy: what will i make now
(00:44 / Allies) Firahlus: entangle op
(00:55 / Allies) sadboy: sentinel is an upgrade again
(00:59 / Allies) sadboy: like anyone used it :D
(01:09 / Allies) Firahlus: what is sentinel?
(01:14 / Allies) sadboy: exactly
(01:14 / Allies) Firahlus: the thing on trees?
(01:28 / Allies) Firahlus: that shit is op
(01:47 / Allies) Firahlus: upgrade necros to attack air with tier 2 is the real OP shit
(02:04 / Allies) sadboy: no one makes necros
(02:11 / Allies) BeTaMoN22: fiends
(02:13 / Allies) Firahlus: people have started to
(02:15 / Allies) BeTaMoN22: always fiends
(02:19 / Allies) sadboy: yea they lose
(02:23 / Allies) Firahlus: nope
(02:26 / Allies) Firahlus: its really fast now
(04:31 / Allies) sadboy: lotta dumb reforged ppl
(05:01 / Allies) BeTaMoN22: good for que times
(05:32 / Allies) sadboy: until they r on ur team
(06:10 / Allies) BeTaMoN22: we hitting?
(07:12 / Allies) BeTaMoN22: want to hirt?
(07:41 / Allies) BeTaMoN22: where are they?
(08:08 / All) Firahlus: lol
(08:25 / Allies) BeTaMoN22: omw
(08:46 / Allies) BeTaMoN22: keel
(09:52 / Allies) BeTaMoN22: i thought blue
(09:54 / Allies) BeTaMoN22: was ours haha
(10:15 / Allies) sadboy: sec
(11:08 / Allies) sadboy: pink is chim tech
(12:51 / Allies) BeTaMoN22: woaaah shit
(13:06 / Allies) BeTaMoN22: we need major aa
(13:27 / Allies) BeTaMoN22: get ready here they come i bet
(14:26 / Allies) BeTaMoN22: care
(14:33 / Allies) BeTaMoN22: b
(14:49 / Allies) BeTaMoN22: tp
(14:50 / Allies) BeTaMoN22: ?
(15:19 / Allies) BeTaMoN22: green defend oj
(15:47 / Allies) Firahlus: gotta attack with what you got
(15:53 / Allies) Firahlus: im pretty much dead but i killed ALOT
(15:57 / Allies) BeTaMoN22: lets do it
(15:59 / Allies) Firahlus: killed blue and lots of pink chims and oj
(16:18 / Allies) BeTaMoN22: omw
(18:10 / Allies) BeTaMoN22: they sure are massing the hell out of aa
(18:24 / Allies) BeTaMoN22: fuck pink up
(18:28 / Allies) BeTaMoN22: i;'ll defend as long as i can
(18:46 / Allies) BeTaMoN22: might need help
(18:56 / Allies) Firahlus: gogogo now
(19:09 / Allies) Firahlus: get out red
(20:06 / Allies) BeTaMoN22: clear expos and you guys havea shot
(20:46 / Allies) sadboy: can u switch to knghts
(21:05 / Allies) Firahlus: fight that
(21:07 / Allies) Firahlus: hes weak af
(21:23 / Allies) Firahlus: lets crush him pprup
(21:42 / Allies) BeTaMoN22: hititng expos
(23:12 / Allies) BeTaMoN22: care
(23:15 / Allies) BeTaMoN22: its a ambush i think
(23:45 / Allies) Firahlus: control expos and we win
(23:56 / Allies) sadboy: 3
(24:10 / Allies) BeTaMoN22: need to tp
(24:15 / Allies) BeTaMoN22: save purp
(24:22 / Allies) Firahlus: HERO FOCUS PLZ
(24:26 / Allies) BeTaMoN22: green
(24:29 / Allies) Firahlus: GOGOGO
(24:40 / Allies) BeTaMoN22: please
(24:41 / Allies) BeTaMoN22: tp green
(27:53 / Allies) BeTaMoN22: yea expos wion
(28:00 / Allies) Firahlus: kill him
(28:26 / All) BeTaMoN22: GG
(28:37 / Allies) BeTaMoN22: nj guys
(28:40 / Allies) BeTaMoN22: good team work
(28:46 / Allies) Firahlus: gj going after expos